 Dungeon Crawl Stone Soup version 0.28.0-43-g3370ac3207 (webtiles) character file.

Game seed: 4813987269476817805

49 ZappyNine the Stinger (level 3, -1/27 HPs)
             Began as a Gargoyle Venom Mage on Mar 21, 2022.
             Slain by a hound skeleton (2 damage)
             ... on level 2 of the Dungeon.
             The game lasted 00:01:37 (1543 turns).

ZappyNine the Stinger (Gargoyle Venom Mage)         Turns: 1543, Time: 00:01:37

Health: -1/27      AC:  5    Str: 13    XL:     3   Next: 75%
Magic:  9/9        EV: 11    Int: 15    God:
Gold:   54         SH:  0    Dex: 10    Spells: 9/12 levels left

rFire   . . .      SeeInvis .   c - +0 club
rCold   . . .      Faith    .   (no shield)
rNeg    + . .      Spirit   .   a - +0 robe
rPois   ∞          Reflect  .   (no helmet)
rElec   +          Harm     .   (no cloak)
rCorr   .          Rampage  .   (no gloves)
Will    .....                   (no boots)
Stlth   ++........              (no amulet)
HPRegen 0.09/turn               (no ring)
MPRegen 0.11/turn               (no ring)

@: attractive, flying
A: sickness immunity, AC +3, negative energy resistance 1, electricity
resistance, torment resistance 1, petrification resistance
a: no special abilities


You were on level 2 of the Dungeon.
You visited 1 branch of the dungeon, and saw 2 of its levels.

You collected 54 gold pieces.

Inventory:

Hand Weapons
 c - a +0 club (weapon)
Armour
 a - a +0 robe (worn)
Scrolls
 b - a scroll of identify {unknown}
 d - a scroll of teleportation {unknown}
 f - a scroll of noise {unknown}
Potions
 i - a potion of attraction


   Skills:
 + Level 5.8 Fighting
 - Level 1.5 Dodging
 - Level 2.1 Stealth
 + Level 5.3 Spellcasting
 - Level 0.7 Transmutations
 + Level 6.2 Poison Magic


You had 9 spell levels left.
You knew the following spells:

 Your Spells              Type           Power      Damage    Failure   Level
a - Sting                 Tmut/Pois      56%        1d5       3%          1
b - Poisonous Vapours     Pois/Air       26%        N/A       7%          2

Your spell library contained the following spells:

 Spells                   Type           Power      Damage    Failure   Level
 Olgreb's Toxic Radiance  Pois           22%        N/A       12%         4
 Mephitic Cloud           Conj/Pois/Air  10%        N/A       21%         3


Dungeon Overview and Level Annotations

Branches:
Dungeon (2/15)

Altars:


Innate Abilities, Weirdness & Mutations

You are immune to sickness and miasma.
Your stone body is resilient. (AC +3)
You are immune to poison.
You resist negative energy. (rN+)
You are resistant to electric shocks. (rElec)
You are resistant to unholy torment.
You are immune to petrification.


Message History

The hound skeleton bites you but does no damage.
Unknown command.
It was a potion of attraction.
You feel attractive to monsters.
The hound skeleton bites you but does no damage.
Your magical contamination has completely faded away.
Unknown command.
The hound skeleton bites you but does no damage.
The hound skeleton bites you but does no damage.
Things that are here:
a +0 dagger; a kobold corpse The hound skeleton bites you but does no damage.
You hit the hound skeleton.
The hound skeleton is lightly damaged.
The hound skeleton closely misses you.
You hit the hound skeleton.
The hound skeleton is lightly damaged.
The hound skeleton barely misses you. x2
Unknown command.
You hit the hound skeleton.
The hound skeleton is moderately damaged.
The hound skeleton bites you but does no damage. x2
Unknown command.
You hit the hound skeleton.
The hound skeleton is heavily damaged.
The hound skeleton barely misses you. x2
You hit the hound skeleton.
The hound skeleton is severely damaged.
The hound skeleton closely misses you.
Unknown command.
You hit the hound skeleton.
The hound skeleton is severely damaged.
The hound skeleton bites you.
* * * LOW HITPOINT WARNING * * *
The hound skeleton bites you.
* * * LOW HITPOINT WARNING * * *
You hit the hound skeleton.
The hound skeleton is almost destroyed.
The hound skeleton bites you.
You die...

# #######
#.#.....#
#.#.....#
#...†...#
#...<.#
#.....##
#......#
#Z#.##.#
#@#.# .#
#.#.. .#
#.#### #
#.. ###


You could see a hound skeleton.

Vanquished Creatures
  2 endoplasms (D:1)
  2 giant cockroaches
  5 goblins (D:1)
  2 hobgoblins (D:1)
  A kobold (D:2)
  A quokka (D:1)
  A ball python (D:1)
  2 frilled lizards (D:1)
16 creatures vanquished.

Notes
Turn   | Place    | Note
-------+----------+-------------------------------------------
     0 | D:1      | ZappyNine the Gargoyle Venom Mage began the quest for the
                  | Orb.
     0 | D:1      | Reached XP level 1. HP: 10/10 MP: 3/3
   469 | D:1      | Reached XP level 2. HP: 8/16 MP: 1/5
   639 | D:1      | Reached skill level 1 in Fighting
   675 | D:1      | Learned a level 2 spell: Poisonous Vapours
  1529 | D:2      | Reached skill level 5 in Fighting
  1529 | D:2      | Reached skill level 5 in Spellcasting
  1529 | D:2      | Reached skill level 6 in Poison Magic
  1529 | D:2      | Reached XP level 3. HP: 6/27 MP: 1/9
  1542 | D:2      | HP: 1/27 [hound skeleton (4)]
  1543 | D:2      | Slain by a hound skeleton

Illustrated notes

Levels and vault maps discovered:
D:1:      minmay_arrival_arboretum_small, layout_basic
D:2:      layout_loops_cross, guppyfry_early_orc_mine, uniq_robin

Skill      XL: |  1  2 |
---------------+-------+-----
Fighting       | 5 |  5.8
Spellcasting   | 5 |  5.3
Poison Magic   | 6 |  6.2
Dodging        | |  1.5
Stealth        | |  2.1
Transmutations | |  0.7

Action                   || total
-------------------------++-------
Melee: Club              ||    68
 Cast: Sting             ||    11
       Poisonous Vapours ||     8
  Use: Potion            ||     4
 Stab: Sleeping          ||     1
Armor: Robe              ||    36
Dodge: Dodged            ||    53
